 Dungeon Crawl Stone Soup version 0.21.0-3-g78d12a8 (webtiles) character file.

23 teukkam the Firebug (level 3, 0/25 HPs)
             Began as a Gnoll Wanderer on Jan 9, 2018.
             Slain by a sky beast (1 damage)
             ... on level 2 of the Dungeon.
             The game lasted 00:05:26 (1272 turns).

teukkam the Firebug (Gnoll Wanderer)                Turns: 1272, Time: 00:05:26

Health: 0/25       AC:  2    Str: 14    XL:     3   Next: 0%
Magic:  4/9        EV: 11    Int: 15    God:
Gold:   77         SH:  0    Dex: 14    Spells: 7/11 levels left

rFire    + . .     SeeInvis .   k - +0 short sword (curse)
rCold    . . .     Gourm    .   (no shield)
rNeg     . . .     Faith    .   c - +0 robe
rPois    .         Spirit   .   (no helmet)
rElec    .         Reflect  .   (no cloak)
rCorr    .         Harm     .   (no gloves)
MR       .....                  (no boots)
Stlth    +++.......             (no amulet)
HPRegen  0.08/turn              q - ring of protection from fire
MPRegen  0.11/turn              (no ring)

@: no status effects
A: distributed training, fangs 1, strong nose
a: no special abilities


You were on level 2 of the Dungeon.
You were not hungry.

You visited 1 branch of the dungeon, and saw 2 of its levels.

You collected 77 gold pieces.

Inventory:

Hand Weapons
 d - a +0 club
 e - a +0 dagger
 k - a cursed +0 short sword (weapon)
Missiles
 h - 9 poisoned needles
 i - 74 stones (quivered)
Armour
 c - a +0 robe (worn)
Jewellery
 q - a ring of protection from fire (left hand)
Scrolls
 g - 2 scrolls of identify {unknown}
 j - a scroll of remove curse {unknown}
 n - a scroll of enchant weapon {unknown}
 o - a scroll of immolation {unknown}
Potions
 m - a potion of haste {unknown}
 p - a potion of lignification {unknown}
 r - a potion of cancellation
 s - a potion of flight {unknown}
Books
 a - a book of Geomancy

   Spells                             Type                      Level
   a - Sandblast                      Earth                        1
   b - Passwall                       Transmutation/Earth          2
   c - Stone Arrow                    Conjuration/Earth            3
   d - Petrify                        Transmutation/Earth          4
   e - Lee's Rapid Deconstruction     Earth                        5
 b - the Reference Book on Poison

   Spells                             Type                      Level
   a - Sting                          Conjuration/Poison           1
   b - Mephitic Cloud                 Conjuration/Poison/Air       3
Comestibles
 f - 2 rations


   Skills:
 + Level 0.5 Fighting
 + Level 0.5 Short Blades
 + Level 0.5 Long Blades
 + Level 0.5 Axes
 + Level 0.5 Maces & Flails
 + Level 0.5 Polearms
 + Level 0.5 Staves
 + Level 0.5 Slings
 + Level 0.5 Bows
 + Level 0.5 Crossbows
 + Level 0.5 Throwing
 + Level 0.5 Armour
 + Level 0.5 Dodging
 + Level 4.1 Stealth
 + Level 0.5 Shields
 + Level 0.5 Unarmed Combat
 + Level 4.9 Spellcasting
 + Level 0.4 Conjurations
 + Level 0.4 Hexes
 + Level 0.4 Charms
 + Level 0.4 Summonings
 + Level 0.4 Necromancy
 + Level 0.4 Translocations
 + Level 0.4 Transmutations
 + Level 5.4 Fire Magic
 + Level 0.4 Ice Magic
 + Level 0.4 Air Magic
 + Level 3.7 Earth Magic
 + Level 2.0 Poison Magic
 + Level 0.7 Invocations
 + Level 0.5 Evocations


You had 7 spell levels left.
You knew the following spells:

 Your Spells              Type           Power        Failure   Level  Hunger
a - Sandblast             Erth           ##....       3%          1    None
b - Passwall              Tmut/Erth      #.........   11%         2    ##.....
c - Sting                 Conj/Pois      #...         10%         1    None


Dungeon Overview and Level Annotations

Branches:
Dungeon (2/15)

Altars:


Innate Abilities, Weirdness & Mutations

Your experience applies equally to all skills.
You have very sharp teeth.
Your uncanny sense of smell can sniff out nearby items.


Message History

The blast of sand misses the sky beast.
i - 75 stones The sky beast hits you.
The sky beast shocks you.
Casting: Sandblast
Confirm with . or Enter, or press ? or * to list all spells.
Aiming: Sandblast
Press: ? - help, Shift-Dir - straight line, f/p - sky beast
Aim: a sky beast (moderately wounded, poisoned)
The blast of sand hits the sky beast.
The sky beast is moderately wounded.
i - 74 stones The sky beast hits you.
The sky beast shocks you.
* * * LOW HITPOINT WARNING * * *
It was a potion of curing.
You feel better. The sky beast hits you.
* * * LOW HITPOINT WARNING * * *
The sky beast shocks you.
* * * LOW HITPOINT WARNING * * *
It was a potion of cancellation.
You feel magically purged. The sky beast hits you.
You die...

... ∆ # .. #
####.#### #
........# #
........# #
.........# #
#...........# #
#..........Y# #
#....[.....@# #
#...........# #
#...........# #
#...........+ #
#...........# #
#...........#
#...####'#+##
######...####.#.#
.....+..........#


You could see a sky beast.

Vanquished Creatures
  A dart slug (D:1)
  2 ball pythons
  2 goblins (D:1)
  3 hobgoblins
  3 kobolds
  4 bats
  2 frilled lizards (D:1)
  7 rats (D:1)
24 creatures vanquished.

Notes
Turn   | Place    | Note
-------+----------+-------------------------------------------
     0 | D:1      | teukkam the Gnoll Wanderer began the quest for the Orb.
     0 | D:1      | teukkam set off with: a book of Geomancy, the Reference Book on Poison, a +0 robe, a +0 club, a +0 dagger, a ration
     0 | D:1      | Reached XP level 1. HP: 13/13 MP: 6/6
     0 | D:1      | Identified the Reference Book on Poison
     2 | D:1      | Learned a level 1 spell: Sandblast
   416 | D:1      | Reached XP level 2. HP: 15/19 MP: 4/7
   606 | D:1      | Learned a level 2 spell: Passwall
  1237 | D:2      | Learned a level 1 spell: Sting
  1253 | D:2      | Reached XP level 3. HP: 25/25 MP: 7/9
  1263 | D:2      | Noticed a sky beast
  1271 | D:2      | HP: 1/25 [sky beast (6)]
  1272 | D:2      | Slain by a sky beast

Skill      XL: |  1 |
---------------+----+-----
Poison Magic   | 2 |  2.0
Fighting       | |  0.5
Short Blades   | |  0.5
Long Blades    | |  0.5
Axes           | |  0.5
Maces & Flails | |  0.5
Polearms       | |  0.5
Staves         | |  0.5
Slings         | |  0.5
Bows           | |  0.5
Crossbows      | |  0.5
Throwing       | |  0.5
Armour         | |  0.5
Dodging        | |  0.5
Stealth        | |  4.1
Shields        | |  0.5
Unarmed Combat | |  0.5
Spellcasting   | |  4.9
Conjurations   | |  0.4
Hexes          | |  0.4
Charms         | |  0.4
Summonings     | |  0.4
Necromancy     | |  0.4
Translocations | |  0.4
Transmutations | |  0.4
Fire Magic     | |  5.4
Ice Magic      | |  0.4
Air Magic      | |  0.4
Earth Magic    | |  3.7
Invocations    | |  0.7
Evocations     | |  0.5

Action                   || total
-------------------------++-------
Melee: Club              ||    25
       Bite              ||     5
       Dagger            ||    11
       Short sword       ||    11
 Cast: Sandblast         ||    24
       Sting             ||     4
  Use: Potion            ||     2
 Stab: Sleeping          ||     3
  Eat: Ration            ||     1
Armor: Robe              ||    13
Dodge: Dodged            ||    36
